 Dungeon Crawl Stone Soup version 0.28.0-45-g0d030f2227 (webtiles) character file.

Game seed: 16384645226623082791

30 pkoi the Shooter (level 2, 0/24 HPs)
             Began as a Demigod Hunter on Apr 8, 2022.
             Slain by an adder (1 damage)
             ... on level 2 of the Dungeon.
             The game lasted 00:02:44 (893 turns).

pkoi the Shooter (Demigod Hunter)                    Turns: 893, Time: 00:02:45

Health: 0/24       AC:  3    Str: 13    XL:     2   Next: 84%
Magic:  4/4        EV: 11    Int: 13    God:
Gold:   74         SH:  0    Dex: 14    Spells: 1/1 levels left

rFire   . . .      SeeInvis .   b - +0 short sword
rCold   . . .      Faith    .   (no shield)
rNeg    . . .      Spirit   .   c - +0 leather armour
rPois   .          Reflect  .   (no helmet)
rElec   .          Harm     .   (no cloak)
rCorr   .          Rampage  .   (no gloves)
Will    .....                   (no boots)
Stlth   +.........              (no amulet)
HPRegen 0.08/turn               (no ring)
MPRegen 0.09/turn               (no ring)

@: lethally poisoned (0 -> -4)
A: high MP 1, forlorn, divine attributes
a: no special abilities


You were on level 2 of the Dungeon.
You visited 1 branch of the dungeon, and saw 2 of its levels.

You collected 74 gold pieces.

Inventory:

Hand Weapons
 a - a +1 shortbow
 b - a +0 short sword (weapon)
Missiles
 d - 14 arrows
Armour
 c - a +0 leather armour (worn)
Jewellery
 h - a ring of positive energy
Scrolls
 e - 3 scrolls of identify {unknown}
 g - a scroll of fear {unknown}
 j - a scroll of teleportation {unknown}
Potions
 f - a potion of resistance {unknown}
 i - a potion of might {unknown}
 k - a potion of heal wounds {unknown}
 l - a potion of ambrosia {unknown}


   Skills:
 - Level 1.7 Fighting
 * Level 4.5 Bows
 - Level 1.7 Dodging
 - Level 0.8 Stealth


You had one spell level left.
You didn't know any spells.
Your spell library was empty.

Dungeon Overview and Level Annotations

Branches:
Dungeon (2/15)

Shops:
D:1 *:


Innate Abilities, Weirdness & Mutations

You have an increased reservoir of magic. (+10% MP)
You shall have no god before yourself.
Your divine heritage dramatically boosts your attributes as you level up.


Message History

The adder misses you.
You barely miss the adder.
The adder is almost dead.
The adder barely misses you.
You closely miss the adder. Your punch misses the adder.
The adder is almost dead.
The adder bites you.
* * * LOW HITPOINT WARNING * * *
The adder completely misses you.
You closely miss the adder.
The adder is almost dead.
The adder bites you but does no damage.
You closely miss the adder.
The adder is almost dead.
The adder closely misses you. The adder bites you.
* * * LOW HITPOINT WARNING * * *
You are poisoned.
The adder poisons you!
You hit the adder but do no damage.
The adder is almost dead.
You feel sick. The adder closely misses you.
You miss the adder.
The adder is almost dead.
You feel sick. The adder bites you but does no damage.
The adder barely misses you.
You hit the adder but do no damage.
The adder is almost dead.
You feel sick. The adder bites you but does no damage.
You barely miss the adder.
The adder is almost dead.
You feel sick. The adder closely misses you.
You miss the adder.
The adder is almost dead.
You feel sick.
You are no longer poisoned.
The adder bites you.
* * * LOW HITPOINT WARNING * * *
You are lethally poisoned!
The adder poisons you! The adder bites you.
You die...

..... ##...#+#
......#### ####........#
#.......>...+
+...........#
#...........# ####
#....S@.....# ######...
#.......#...# #...##.##
...##.....######...##.##
. ####.......'...'....
#.#######...##.## #..
#)#####.# #### #.#####..
#.....+... #.#####...


You could see an adder.

Vanquished Creatures
  A dart slug (D:1)
  5 ball pythons
  4 bats (D:1)
  A giant cockroach (D:1)
  3 goblins
  3 hobgoblins
  A quokka (D:1)
  2 frilled lizards (D:1)
  2 kobolds (D:1)
  6 rats
28 creatures vanquished.

Notes
Turn   | Place    | Note
-------+----------+-------------------------------------------
     0 | D:1      | pkoi the Demigod Hunter began the quest for the Orb.
     0 | D:1      | Reached XP level 1. HP: 17/17 MP: 3/3
   164 | D:1      | Found Rolaol's Book Shop.
   183 | D:1      | Found Teirere's Book Shoppe.
   251 | D:1      | Found Gianwi's General Store.
   291 | D:1      | Reached skill level 4 in Bows
   339 | D:1      | Reached XP level 2. HP: 24/24 MP: 4/4
   893 | D:2      | HP: 1/24 [adder (2)]
   893 | D:2      | Slain by an adder

Illustrated notes

Levels and vault maps discovered:
D:1:      ncdulo_wetmaze, layout_rooms, shapermc_ecumenical_altar_starsandcircs,
          serial_shops, shop, nicolae_lakefront_shop, nicolae_shop_trees,
          minmay_split_cup_large
D:2:      layout_basic, uniq_terence

Skill      XL: |  1 |
---------------+----+-----
Bows           | 4 |  4.5
Fighting       | |  1.7
Dodging        | |  1.7
Stealth        | |  0.8

Action                   || total
-------------------------++-------
Melee: Short sword       ||    50
       Punch             ||     1
 Fire: Shortbow          ||    56
Armor: Leather armour    ||    29
Dodge: Dodged            ||    46
